 Dungeon Crawl Stone Soup version 0.30-a0-986-g7f2e898f52 (webtiles) character file.

Game seed: 2422496731619323934

501 DeathPants the Chopper (level 7, -6/55 HPs)
             Began as a Vine Stalker Fighter on Apr 1, 2023.
             Was an Initiate of Gozag.
             Mangled by a vampire mosquito (8 damage)
             ... on level 5 of the Dungeon.
             The game lasted 00:09:37 (3297 turns).

DeathPants the Chopper (Vine Stalker Fighter)       Turns: 3297, Time: 00:09:38

Health: -6/55      AC: 23    Str: 21    XL:     7   Next: 17%
Magic:  0/8        EV:  2    Int:  8    God:    Gozag
Gold:   97         SH:  6    Dex: 25    Spells: 6/6 levels left

rFire   . . .      SeeInvis .    a - +0 war axe
rCold   . . .      Faith    .    c - +0 buckler
rNeg    . . .      Spirit   +    b - melded +0 scale mail
rPois   +          Reflect  .    m - melded +0 helmet
rElec   .          Rampage  .    (cloak currently unavailable)
rCorr   .          NoTele   +    r - melded +0 pair of gloves
Will    .....                    (boots currently unavailable)
Stlth   ++                       (no amulet)
HPRegen 1.09/turn                e - +6 ring of dexterity
MPRegen 0.11/turn                t - +6 ring of dexterity

@: mighty, tree-form
A: stationary, stasis, torment immunity, boosted hp, (fangs 2), regeneration 1,
magic shield, (antimagic bite), no potion heal 2
a: Renounce Religion, Potion Petition, Call Merchant, Bribe Branch


You were on level 5 of the Dungeon.
You worshipped Gozag.
Gozag was noncommittal.
You were a tree.
You visited 2 branches of the dungeon, and saw 7 of its levels.

You collected 153 gold pieces.
You paid 56 gold pieces to Gozag.

Inventory:

Hand Weapons
 a - a +0 war axe (weapon)
 n - a +0 morningstar
Missiles
 h - 4 poisoned darts
 l - a throwing net (quivered)
Armour
 b - a +0 scale mail (melded)
 c - a +0 buckler (worn)
 m - a +0 helmet (melded)
 r - a +0 pair of gloves (melded)
Jewellery
 e - a +6 ring of dexterity (left branch)
 j - a ring of protection from fire
 t - a +6 ring of dexterity (right branch)
Wands
 k - a wand of charming (11)
Scrolls
 i - a scroll of teleportation
 s - a scroll of vulnerability {unknown}
Potions
 f - a potion of curing {unknown}
 o - 2 potions of brilliance {unknown}
 p - a potion of berserk rage {unknown}
 q - a potion of mutation {unknown}
 u - a potion of degeneration {unknown}
 v - a potion of magic {unknown}


   Skills:
 + Level 4.2 Fighting
 * Level 5.0 Axes
 - Level 2.4 Armour
 + Level 4.2 Shields


You had 6 spell levels left.
You didn't know any spells.
Your spell library contained the following spells:

 Spells                   Type           Power      Damage    Failure   Level
 Summon Guardian Golem    Hex/Summ       0%         N/A       86%         3
 Cause Fear               Hex            0%         N/A       99%         4


Dungeon Overview and Level Annotations

Branches:
Dungeon (6/15)             Temple (1/1) D:4

Altars:
Cheibriados
Gozag
Kikubaaqudgha
Nemelex Xobeh
Okawaru
Trog
Uskayaw
Xom

Shops:
D:3 [


Innate Abilities, Weirdness & Mutations

You are a tree.
Your roots penetrate the ground, keeping you stationary.
You cannot be teleported.
You are immune to unholy pain and torment.
Your maximum health is greatly increased.
Your equipment is partially melded.
((You have extremely sharp teeth.))
Your natural rate of healing is unusually fast.
When hurt, damage is shared between your health and your magic reserves.
((Your bite disrupts and absorbs the magic of your enemies.))
Potions cannot restore your health.


Message History

You feel very mighty all of a sudden.
You block the vampire mosquito's attack.
The vampire mosquito bites you but does no damage.
The vampire mosquito barely misses you.
Really quaff the potion of lignification?
You turn into a tree.
Your +0 helmet melds into your body.
Your +0 pair of gloves melds into your body.
Your +0 scale mail melds into your body.
Your roots penetrate the ground.
The vampire mosquito completely misses you.
The vampire mosquito bites you.
* * * LOW HITPOINT WARNING * * *
The vampire mosquito draws strength from your injuries!
You block the vampire mosquito's attack.
The vampire mosquito barely misses you.
You hit the vampire mosquito.
The vampire mosquito is moderately damaged.
You barely miss the vampire mosquito.
You block the vampire mosquito's attack.
The vampire mosquito bites you but does no damage. x3
You block the vampire mosquito's attack.
The vampire mosquito bites you but does no damage.
You completely miss the vampire mosquito.
The vampire mosquito is lightly damaged.
You hit the vampire mosquito. The vampire mosquito bites you.
* * * LOW HITPOINT WARNING * * *
The vampire mosquito draws strength from your injuries!
The vampire mosquito bites you but does no damage. x2
The vampire mosquito barely misses you.
You slice the vampire mosquito!!
The vampire mosquito is severely damaged.
You slash the vampire mosquito!
The vampire mosquito bites you but does no damage.
The vampire mosquito bites you!
* * * LOW HITPOINT WARNING * * *
The vampire mosquito draws strength from your injuries!
The vampire mosquito bites you but does no damage.
The vampire mosquito bites you!
You die...
Your body crumbles into a pile of gold.

# #......## ..
#.......##
...###...>....#
#..#....)...#
#.......####
##....### ######
###.## ##.....
#yy## ##......
##♣.# ##.......
##.## #........
##.######........
#...............
##.####.........
#..# #.........<
#.## #..........
## ##.........
###......#


You could see 2 vampire mosquitoes.

Vanquished Creatures
  Menkaure (D:4)
  2 scorpions
  A hound (D:4)
  A jelly (D:4)
  2 orc wizards (D:2)
  3 adders
  3 worms
  4 dart slugs
  11 orcs
  6 ball pythons
  8 endoplasms
  6 giant cockroaches
  7 goblins
  9 hobgoblins
  7 jackals
  A quokka (D:4)
  7 bats
  2 frilled lizards (D:1)
  10 kobolds
  7 rats
98 creatures vanquished.

Vanquished Creatures (others)
  An orc wizard (D:3)
  3 plants (D:2)
4 creatures vanquished.

Grand Total: 102 creatures vanquished

Notes
Turn   | Place    | Note
-------+----------+-------------------------------------------
     0 | D:1      | DeathPants the Vine Stalker Fighter began the quest for the
                  | Orb.
     0 | D:1      | Reached XP level 1. HP: 11/11 MP: 2/2
    33 | D:2      | Reached skill level 2 in Axes
    73 | D:1      | Reached XP level 2. HP: 16/16 MP: 3/3
   299 | D:1      | Reached XP level 3. HP: 20/20 MP: 4/4
   929 | D:2      | Found a faded altar of an unknown god.
   979 | D:2      | Gained mutation: Your natural rate of healing is unusually
                  | fast. [Vine Stalker growth]
   979 | D:2      | Reached XP level 4. HP: 17/24 MP: 2/5
  1060 | D:2      | Reached skill level 3 in Axes
  1086 | D:2      | Reached XP level 5. HP: 24/28 MP: 2/6
  1316 | D:3      | Found Wotazxon's Armour Emporium.
  1875 | D:3      | Got Hoacuifi's Codex of Guile
  1890 | D:3      | Found a snail-covered altar of Cheibriados.
  1933 | D:3      | Found an ancient bone altar of Kikubaaqudgha.
  2057 | D:3      | Reached skill level 4 in Axes
  2243 | D:3      | Found a bloodstained altar of Trog.
  2252 | D:3      | Reached XP level 6. HP: 33/33 MP: 5/7
  2465 | D:4      | Noticed Menkaure
  2475 | D:4      | Killed Menkaure
  2566 | D:5      | Entered Level 5 of the Dungeon
  2574 | D:4      | Reached XP level 7. HP: 37/37 MP: 8/8
  2587 | D:4      | Found a staircase to the Ecumenical Temple.
  2600 | Temple   | Entered the Ecumenical Temple
  2616 | Temple   | Became a worshipper of Gozag Ym Sagoz the Greedy
  2858 | D:4      | Reached skill level 5 in Axes
  2972 | D:4      | Identified the staff of fire "Nomaoz" {rF+ Int+3}
  3273 | D:6      | Noticed a vampire mosquito
  3273 | D:6      | Noticed a vampire mosquito
  3274 | D:6      | Noticed a vampire mosquito
  3275 | D:6      | Noticed a vampire mosquito
  3297 | D:5      | HP: 2/55 [vampire mosquito (7)]
  3297 | D:5      | Mangled by a vampire mosquito

Illustrated notes

Levels and vault maps discovered:
D:1:      dpeg_arrival_rooms_a, layout_loops_cross, st_stairs_5
D:2:      layout_rooms, serial_forest, infiniplex_forest_lined_3,
          infiniplex_forest_corner_1, infiniplex_forest_3_way,
          infiniplex_forest_clump_medium, infiniplex_forest_lined_corner,
          infiniplex_forest_straight_3, infiniplex_forest_straight_3,
          ebering_ecumenical_altar_hall, eino_curves_02
D:3:      layout_basic, mainiacjoe_overflow_boulevard,
          mainiacjoe_overflow_concentric_impassable, trog_hazing_becter,
          serial_shops, nicolae_shop_hallway_stairs
D:4:      layout_basic, minmay_temple_entry_mini_moons, uniq_menkaure
D:5:      layout_cave_pods, nzn_hepliaklqana_mist_gate, jmf_multi_god_temple,
          uniq_edmund
D:6:      layout_basic
Temple:   zaba_magenta_temple

Skill      XL: |  1  2  3  4  5  6  7 |
---------------+----------------------+-----
Axes           | 2 3 4 5 |  5.0
Fighting       | 3 4 |  4.2
Shields        | 3 4 |  4.2
Armour         | |  2.4

Action                     |  1- 3 |  4- 6 |  7- 9 || total
---------------------------+-------+-------+-------++-------
  Melee: War axe           |    99 |   104 |    40 ||   243
         Bite              |    18 |    25 |     8 ||    51
    Use: Scroll            |       |     6 |       ||     6
         Potion            |       |     1 |     2 ||     3
 Armour: Scale mail        |    56 |    52 |    17 ||   125
         Skin              |       |       |     8 ||     8
  Dodge: Dodged            |    77 |    52 |    32 ||   161
  Block: Buckler           |    28 |    28 |    33 ||    89

Table legend: (Time is in decaauts)
 A = Elapsed time spent in this place.
 B = Non-inter-level travel time spent in this place.
 C = Inter-level travel time spent in this place.
 D = Time resting spent in this place.
 E = Time spent auto-exploring this place.
 F = Levels seen in this place.
 G = Mean time per level.
                   A        B        C        D        E       F      G
               +--------+--------+--------+--------+--------+-----+--------+
         Total |   3393 |   3306 |     87 |     42 |   2227 |   7 |  484.7 |
       Dungeon |   3363 |   3288 |     75 |     42 |   2220 |   6 |  560.5 |
        Temple |     29 |     17 |     12 |      0 |      7 |   1 |   29.0 |
               +--------+--------+--------+--------+--------+-----+--------+

Top non-repeatable levels by time:
     D:1: 935 daAuts
     D:3: 876 daAuts
     D:4: 778 daAuts
     D:2: 697 daAuts
     D:5: 66 daAuts
  Temple: 29 daAuts
     D:6: 9 daAuts
